 Dungeon Crawl Stone Soup version 0.31.0-9-g3a7656b989 (webtiles) character file.

Game seed: 11047185316426537408

37 qw the Shooter (level 3, -1/20 HPs)
             Began as a Deep Elf Hunter on Feb 2, 2024.
             Slain by a ribbon worm (4 damage)
             ... on level 2 of the Dungeon.
             The game lasted 00:00:02 (793 turns).

qw the Shooter (Deep Elf Hunter)                     Turns: 793, Time: 00:00:03

Health: -1/20      AC:  5    Str: 10    XL:     3   Next: 23%
Magic:  5/5        EV: 11    Int: 13    God:
Gold:   103        SH:  0    Dex: 18    Spells: 2/2 levels left

rFire   . . .        a - +0 shortbow
rCold   . . .        (shield currently unavailable)
rNeg    . . .        f - +0 ring mail
rPois   .            (no helmet)
rElec   .            (no cloak)
rCorr   .            (no gloves)
SInv    .            (no boots)
Will    .....        (no amulet)
Stlth   +            (no ring)
HPRegen 0.23/turn    (no ring)
MPRegen 0.09/turn

%: no passive effects
@: no status effects
A: no striking features
a: no special abilities


You were on level 2 of the Dungeon.
You visited 1 branch of the dungeon, and saw 2 of its levels.

You collected 103 gold pieces.


   Skills:
 - Level 1.5 Fighting
 + Level 6.8 Ranged Weapons
 - Level 2.4 Dodging
 - Level 1.2 Stealth


You had 2 spell levels left.
You didn't know any spells.
Your spell library was empty.

Inventory:

Hand Weapons
 a - a +0 shortbow (weapon)
Armour
 f - a +0 ring mail (worn)
Potions
 e - a potion of enlightenment

Dungeon Overview and Level Annotations

Branches:
Dungeon (2/15)

Altars:


Message History

The ribbon worm is moderately wounded.
You shoot an arrow.
The arrow barely misses the ribbon worm.
The ribbon worm expels a string of sticky webbing.
The stream of webbing hits you but does no damage.
You are caught in a web!
The web tears apart.
You shoot an arrow. The arrow hits the ribbon worm.
The ribbon worm is moderately wounded.
The ribbon worm misses you.
You shoot an arrow. The arrow hits the ribbon worm.
The ribbon worm is heavily wounded.
The ribbon worm bites you.
You shoot an arrow.
The arrow barely misses the ribbon worm.
You shoot an arrow.
The arrow hits the ribbon worm but does no damage.
The ribbon worm is heavily wounded.
The ribbon worm bites you.
You shoot an arrow.
The arrow hits the ribbon worm but does no damage.
The ribbon worm is heavily wounded.
The ribbon worm expels a string of sticky webbing.
The stream of webbing hits you but does no damage.
You are caught in a web!
The web tears apart.
The ribbon worm bites you.
You shoot an arrow.
The arrow barely misses the ribbon worm.
The ribbon worm bites you.
You shoot an arrow.
The arrow barely misses the ribbon worm.
The ribbon worm bites you but does no damage.
You shoot an arrow. The arrow hits the ribbon worm!
The ribbon worm is severely wounded.
The ribbon worm closely misses you.
You shoot an arrow.
The arrow barely misses the ribbon worm.
The ribbon worm bites you.
You die...

#.#.#....#.#
#.#.#..#.#.#
#.#(#..#.#.#
#.#'#..#.#.##
##..<...#....#
#####.......######
##.#.#.#.#.#......
#............####.
#....#@#.#.#.#.#.#
### #.w..........+
##.#.#.#.#.#.#
#............#
##.#.#.#.#.#.#
............#
##.#.#.#$#.## ...
..


You could see a ribbon worm.

Vanquished Creatures
  4 endoplasms (D:1)
  2 giant cockroaches (D:1)
  2 goblins (D:1)
  4 hobgoblins (D:1)
  4 jackals (D:1)
  2 quokkas (D:1)
  5 ball pythons (D:1)
  2 bats (D:1)
  4 kobolds (D:1)
  A rat (D:1)
30 creatures vanquished.

Notes
Turn   | Place    | Note
-------+----------+-------------------------------------------
     0 | D:1      | qw the Deep Elf Hunter began the quest for the Orb.
     0 | D:1      | Reached XP level 1. HP: 12/12 MP: 3/3
     0 | D:1      | 0 ||| qw: Version: 0.3-a-155-g5e7d8dd
     0 | D:1      | 0 ||| qw: Game counter: 979
     0 | D:1      | 0 ||| qw: Melee chars always use a shield: true
     0 | D:1      | 0 ||| qw: God list: Okawaru
     0 | D:1      | 0 ||| qw: Allow faded altars: false
     0 | D:1      | 0 ||| qw: Do Orc after clearing Dungeon:15 true
     0 | D:1      | 0 ||| qw: Do second Lair branch before Depths: true
     0 | D:1      | 0 ||| qw: Lair rune preference: random
     0 | D:1      | 0 ||| qw: Goals: Normal
     0 | D:1      | 0 ||| PLANNING D:1-11
    66 | D:1      | Reached skill level 6 in Ranged Weapons
    66 | D:1      | Reached XP level 2. HP: 16/16 MP: 4/4
   342 | D:1      | Reached XP level 3. HP: 20/20 MP: 5/5
   667 | D:1      | 667 ||| UPGRADING to +0 ring mail.
   677 | D:1      | 677 ||| DROPPING +0 leather armour.
   678 | D:1      | 678 ||| READING scroll labelled BERUNNIEXT.
   678 | D:1      | 678 ||| IDENTIFYING puce potion
   679 | D:1      | 679 ||| READING scroll labelled ROSODU ORAHIST.
   680 | D:1      | 680 ||| READING scroll labelled GULIQE ISHEPIRE.
   716 | D:1      | 716 ||| DRINKING 2 clear potions.
   717 | D:1      | 717 ||| DROPPING scroll of butterflies.
   718 | D:1      | 718 ||| DROPPING potion of degeneration.
   790 | D:2      | HP: 2/20 [ribbon worm (4)]
   793 | D:2      | Slain by a ribbon worm

Levels and vault maps discovered:
D:1:      giann_bridges, layout_basic
D:2:      layout_basic, ebering_ecumenical_altar_mist, hangedman_decor_push,
          st_stairs_11

Skill      XL: |  1 |
---------------+----+-----
Ranged Weapons | 6 |  6.8
Fighting       | |  1.5
Dodging        | |  2.4
Stealth        | |  1.2

Action                     || total
---------------------------++-------
   Fire: Shortbow          ||   101
    Use: Scroll            ||     3
         Potion            ||     1
 Armour: Leather armour    ||    20
         Ring mail         ||     6
  Dodge: Dodged            ||    26

Table legend:
 A = Non-vault XP
 B = Vault XP
 C = Vault XP percentage of total XP
 D = Non-vault monster count
 E = Vault monster count
 F = Vault count percentage of total count
                 A         B        C        D         E       F
            +---------+---------+-------+---------+---------+-------
      Total |      54 |       0 |   0.0 |      30 |       0 |   0.0
            +---------+---------+-------+---------+---------+-------
        D:1 |      54 |       0 |   0.0 |      30 |       0 |   0.0
            +---------+---------+-------+---------+---------+-------
